 Dungeon Crawl Stone Soup version 0.31-b1-18-g61460d1e46 (webtiles) character file.

Game seed: 4840931496890699001

640 unlimited1921 the Magician (level 7, -1/47 HPs)
             Began as a Djinni Fire Elementalist on Jan 16, 2024.
             Was an Initiate of Ashenzari.
             Slain by Edmund
             ... wielding a +5 flail of protection
              (11 damage)
             ... on level 4 of the Dungeon.
             The game lasted 00:20:41 (8045 turns).

unlimited1921 the Magician (DjFE)                   Turns: 8045, Time: 00:20:44

Health: -1/47      AC:  3    Str:  7    XL:     7   Next: 80%
Gold:   240        EV: 13    Int: 18    God:    Ashenzari [......] SH:  0 Dex: 14

rFire   + + .        (no weapon)
rCold   x . .        (no shield)
rNeg    . . .        a - +0 robe
rPois   ∞            (no helmet)
rElec   .            t - +0 cloak
rCorr   .            (no gloves)
SInv    .            (boots unavailable)
Will    .....        (no amulet)
Stlth   ++           (no ring)
HPRegen 0.27/turn    (no ring)
MPRegen 0.00/turn

%: infuse magic (-2 HP)
@: flying
A: sickness immunity, fire resistance 2, cold vulnerability 1, float, innate
caster, HP casting, extra vitality 1
a: Renounce Religion


You were on level 4 of the Dungeon.
You worshipped Ashenzari.
Ashenzari was noncommittal.
You visited 1 branch of the dungeon, and saw 4 of its levels.

You collected 240 gold pieces.

Inventory:

Missiles
 g - 5 poisoned darts
Armour
 a - a +0 robe (worn)
 j - a +0 leather armour
 k - a +0 scale mail
 t - a +0 cloak (worn)
Jewellery
 d - a ring of ice
Talismans
 o - a blade talisman
Wands
 n - a wand of polymorph (11)
 q - a wand of flame (9)
 u - a wand of roots (9)
Scrolls
 f - 7 scrolls of identify {unknown}
 h - 2 scrolls of fear {unknown}
 i - 3 scrolls of acquirement {unknown}
 m - 2 scrolls of blinking {unknown}
 p - a scroll of torment {unknown}
 r - a scroll of vulnerability {unknown}
Potions
 b - a potion of resistance {unknown}
 c - a potion of heal wounds {unknown}
 e - 2 potions of lignification {unknown}
 l - 3 potions of mutation {unknown}
 s - a potion of curing {unknown}


   Skills:
 - Level 1.1 Fighting
 - Level 3.8 Dodging
 - Level 3.8 Stealth
 * Level 5.6 Spellcasting
 * Level 5.6 Conjurations
 * Level 5.6 Hexes
 * Level 5.6 Summonings
 * Level 5.6 Necromancy
 * Level 5.6 Translocations
 * Level 5.6 Fire Magic
 * Level 5.6 Ice Magic
 * Level 5.6 Air Magic
 * Level 5.6 Earth Magic
 * Level 5.6 Alchemy


You knew the following spells:

 Your Spells              Type           Power      Damage    Failure   Level
a - Foxfire               Conj/Fire      100%       2x1d9     1%          1
b - Scorch                Fire           50%        2d7       1%          2
c - Volatile Blastmotes   Fire/Tloc      50%        2d14      3%          3
d - Inner Flame           Hex/Fire       25%        N/A       3%          3
e - Flame Wave            Conj/Fire      25%        2d8       12%         4
f - Freeze                Ice            100%       1d10      1%          1
g - Searing Ray           Conj           50%        2d6       1%          2
h - Call Imp              Summ           50%        N/A       1%          2
Your spell library was empty.

Dungeon Overview and Level Annotations

Branches:
Dungeon (4/15)
 Temple: D:4-7

Altars:
Ashenzari
Fedhas
Nemelex Xobeh
Trog

Annotations:
D:4 Edmund


Innate Abilities, Weirdness & Mutations

You are immune to sickness and miasma.
You are immune to poison.
Your flesh is very heat resistant. (rF++)
You are vulnerable to cold. (rC-)
You float through the air rather than walking.
You learn spells naturally, not from books.
Your magical power is your life essence.
You have superior vitality. (+4 MHP)


Message History

Confirm with . or Enter, or press ? or * to list all spells.
Aiming: Inner Flame (dangerous; 3% risk of failure)
Press: ? - help, Dir - move target, f - Edmund
Aim: Edmund, wielding a +5 flail of protection and wearing a +0 leather armour (chance to affect: 80%) Edmund is filled with an inner flame.
Your cerulean imp hits Edmund but does no damage.
Casting: Inner Flame (dangerous; 3% risk of failure)
Confirm with . or Enter, or press ? or * to list all spells.
You conjure some foxfire!
Edmund hits you with a +5 flail of protection.
Your cerulean imp hits Edmund with a -2 spear.
Flame seeps out of Edmund.
The foxfire hits Edmund.
Flame seeps out of Edmund.
Edmund is lightly wounded.
The foxfire hits Edmund but does no damage.
Edmund is lightly wounded.
Edmund is engulfed in blazing flames.
Flame seeps out of Edmund.
Your cerulean imp hits Edmund but does no damage.
Casting: Foxfire (safe; 1% risk of failure)
Confirm with . or Enter, or press ? or * to list all spells.
You conjure some foxfire!
Edmund hits you with a +5 flail of protection!
Your cerulean imp closely misses Edmund.
Your foxfire dissipates!
The foxfire hits Edmund but does no damage.
Edmund is moderately wounded.
Casting: Foxfire (safe; 1% risk of failure)
Confirm with . or Enter, or press ? or * to list all spells.
You conjure some foxfire!
Edmund hits you with a +5 flail of protection!
* * * LOW HITPOINT WARNING * * *
Your cerulean imp barely misses Edmund.
The foxfire hits Edmund but does no damage.
Edmund is moderately wounded.
The foxfire hits Edmund but does no damage.
Edmund is moderately wounded.
Edmund attacks as he pursues you!
Edmund hits you with a +5 flail of protection!
You die...
Edmund whines, "They better pay attention to me now!"

.# #..# #..#.#.#.#
..# .# #..#
#..#.#.#.# .... .#
#..# #..#.#.#.##...#
## #..#
#......[......#. #
#..#
#..#.#.#........ #
#..# #..#.#.#.......
#
#..###.......§......
#..|<....5..@..#.#.
##.#.#..#####@.#
#.>.#........<#
...............#
..................
###################


You could see Edmund (inner flame, ally target) and a friendly cerulean imp
(summoned).

Vanquished Creatures
  Grinder (D:3)
  A bullfrog (D:4)
  A scorpion (D:4)
  A bombardier beetle (D:3)
  Terence (D:2)
  An iguana (D:4)
  Natasha (thrice) (D:3)
  4 gnolls (D:3)
  5 adders
  2 dart slugs
  A ribbon worm (D:2)
  5 endoplasms
  3 giant cockroaches
  3 goblins
  6 hobgoblins
  3 jackals (D:2)
  8 kobolds
  6 quokkas
  8 ball pythons
  6 bats
  5 frilled lizards
  8 rats
82 creatures vanquished.

Vanquished Creatures (others)
  255 foxfires
255 creatures vanquished.

Grand Total: 337 creatures vanquished

Notes
Turn   | Place    | Note
-------+----------+-------------------------------------------
     0 | D:1      | unlimited1921 the Djinni Fire Elementalist began the quest
                  | for the Orb.
     0 | D:1      | unlimited1921 set off with the following spells memorised:
                  | Foxfire, Scorch, Volatile Blastmotes, Inner Flame, Flame
                  | Wave.
     0 | D:1      | Reached XP level 1. HP: 15/15 MP: 0/0
   164 | D:1      | Reached XP level 2. HP: 18/21 MP: 0/0
  1387 | D:1      | Reached XP level 3. HP: 23/25 MP: 0/0
  1387 | D:1      | Learned a level 1 spell: Freeze
  2985 | D:2      | Reached XP level 4. HP: 23/31 MP: 0/0
  3043 | D:2      | Noticed Terence
  3064 | D:2      | Killed Terence
  3808 | D:2      | Reached XP level 5. HP: 33/36 MP: 0/0
  3808 | D:2      | Learned a level 2 spell: Searing Ray
  4751 | D:3      | Noticed Natasha
  4762 | D:3      | Killed Natasha
  4768 | D:3      | Noticed Natasha
  4771 | D:3      | Killed Natasha
  4772 | D:3      | Reached XP level 6. HP: 29/41 MP: 0/0
  4827 | D:3      | Found a broken altar of Ashenzari.
  4875 | D:3      | Noticed Natasha
  4910 | D:3      | Killed Natasha
  6215 | D:3      | Found a bloodstained altar of Trog.
  7348 | D:3      | Became a worshipper of Ashenzari the Shackled
  7428 | D:3      | Found a sparkling altar of Nemelex Xobeh.
  7428 | D:3      | Noticed Grinder
  7438 | D:3      | Killed Grinder
  7439 | D:3      | Reached skill level 1 in Fighting
  7439 | D:3      | Reached skill level 5 in Spellcasting
  7439 | D:3      | Reached skill level 5 in Conjurations
  7439 | D:3      | Reached skill level 5 in Hexes
  7439 | D:3      | Reached skill level 5 in Summonings
  7439 | D:3      | Reached skill level 5 in Necromancy
  7439 | D:3      | Reached skill level 5 in Translocations
  7439 | D:3      | Reached skill level 5 in Fire Magic
  7439 | D:3      | Reached skill level 5 in Ice Magic
  7439 | D:3      | Reached skill level 5 in Air Magic
  7439 | D:3      | Reached skill level 5 in Earth Magic
  7439 | D:3      | Reached skill level 5 in Alchemy
  7439 | D:3      | Reached XP level 7. HP: 32/47 MP: 0/0
  7439 | D:3      | Learned a level 2 spell: Call Imp
  7853 | D:4      | Found a blossoming altar of Fedhas.
  8034 | D:4      | Noticed Edmund
  8045 | D:4      | Slain by Edmund

Illustrated notes

Levels and vault maps discovered:
D:1:      giann_wishing_wells, layout_loops_ring, minmay_tripent
D:2:      layout_loops_corners, grunt_ministairs_3, dreamdust_wishing_well,
          uniq_terence
D:3:      layout_basic, ashenzari_conservatory_becter,
          trog_three_pillars_becter, mainiacjoe_overflow_alcove_2, uniq_grinder,
          uniq_natasha
D:4:      layout_basic, mainiacjoe_overflow_brackets,
          mainiacjoe_ossuary_entry_find_the_door, uniq_edmund

Skill      XL: |  1  2  3  4  5  6 |
---------------+-------------------+-----
Stealth        | 2 3 |  3.8
Dodging        | 3 |  3.8
Spellcasting   | 4 5 |  5.6
Conjurations   | 4 5 |  5.6
Hexes          | 4 5 |  5.6
Summonings     | 4 5 |  5.6
Necromancy     | 4 5 |  5.6
Translocations | 4 5 |  5.6
Fire Magic     | 4 5 |  5.6
Ice Magic      | 4 5 |  5.6
Air Magic      | 4 5 |  5.6
Earth Magic    | 4 5 |  5.6
Alchemy        | 4 5 |  5.6
Fighting       | 1 |  1.1

Action                     |  1- 3 |  4- 6 |  7- 9 || total
---------------------------+-------+-------+-------++-------
   Cast: Foxfire           |    64 |    82 |    24 ||   170
         Scorch            |    11 |    18 |     9 ||    38
         Inner Flame       |       |     5 |     1 ||     6
         Searing Ray       |       |     2 |       ||     2
         Freeze            |       |     1 |       ||     1
         Call Imp          |       |       |     2 ||     2
 Armour: Robe              |     6 |    11 |    12 ||    29
         Skin              |       |    10 |       ||    10
  Dodge: Dodged            |     2 |    44 |     5 ||    51
         Form:             |       |     1 |       ||     1
         Blade             |       |     1 |       ||     1
